 Dungeon Crawl Stone Soup version 0.25.1-2-g60ff931df9 (webtiles) character file.

Game seed: 765900977386451575

3554 DogServant the Quickloader (level 10, -16/79 HPs)
             Began as a Barachi Hunter on Oct 16, 2020.
             Was a Believer of Okawaru.
             Engulfed by a cloud of flame (33 damage)
             ... on level 9 of the Dungeon.
             The game lasted 00:14:54 (8764 turns).

DogServant the Quickloader (Barachi Hunter)         Turns: 8764, Time: 00:15:06

Health: -16/79     AC:  9    Str: 15    XL:     10   Next: 9%
Magic:  13/13      EV: 16    Int: 13    God:    Okawaru [**....]
Gold:   398        SH:  0    Dex: 19    Spells: 9/9 levels left

rFire    . . .     SeeInvis .   M - +2 arbalest
rCold    . . .     Gourm    .   (shield currently unavailable)
rNeg     . . .     Faith    .   N - +2 steam dragon scales
rPois    +         Spirit   .   (no helmet)
rElec    .         Reflect  .   (no cloak)
rCorr    .         Harm     .   (no gloves)
MR       .....                  A - +0 pair of boots
Stlth    ++........             (no amulet)
HPRegen  0.23/turn              o - ring of poison resistance
MPRegen  0.13/turn              D - +6 ring of dexterity

@: slow
A: +LOS, swims, slowness 1, strong legs 1
a: Hop, Heroism, Renounce Religion


You were on level 9 of the Dungeon.
You worshipped Okawaru.
Okawaru was pleased with you.
You were hungry.

You visited 2 branches of the dungeon, and saw 10 of its levels.

You collected 498 gold pieces.
You spent 100 gold pieces at shops.

Inventory:

Hand Weapons
 z - a +2 hand axe of electrocution
 F - a +0 hunting sling
 K - a +0 shortbow
 M - a +2 arbalest (weapon)
Missiles
 d - 86 bolts (quivered)
 y - 46 poisoned darts
 G - 23 sling bullets
 H - 59 stones
 J - 7 silver javelins
 L - 27 arrows
Armour
 v - a +1 ring mail
 A - a +0 pair of boots (worn)
 N - +2 steam dragon scales (worn)
Jewellery
 o - a ring of poison resistance (left hand)
 D - a +6 ring of dexterity (right hand)
Scrolls
 l - 2 scrolls of enchant armour
 m - 6 scrolls of remove curse
 s - a scroll of magic mapping
 w - 2 scrolls of fear
Potions
 b - 3 potions of curing
 i - a potion of ambrosia
 j - 4 potions of haste
 k - 2 potions of mutation
 p - a potion of lignification
 r - 2 potions of heal wounds
 t - 2 potions of might
 u - a potion of degeneration
 E - 2 potions of invisibility
 I - a potion of magic {unknown}
Comestibles
 a - 7 chunks of flesh
 f - 8 rations


   Skills:
 + Level 7.0 Fighting
   Level 2.1 Short Blades
 - Level 4.2 Axes
 - Level 3.6 Slings
 + Level 8.8 Crossbows
 - Level 5.0 Armour
 + Level 5.0 Dodging
 - Level 0.8 Stealth
 + Level 5.2 Invocations


You had 9 spell levels left.
You didn't know any spells.
Your spell library was empty.

Dungeon Overview and Level Annotations

Branches:
Dungeon (9/15)             Temple (1/1) D:5
   Lair: D:8-11         Orc: D:9-12

Altars:
Ashenzari
Cheibriados
Dithmenos
Elyvilon
Fedhas
Gozag
Hepliaklqana
Kikubaaqudgha
Makhleb
Nemelex Xobeh
Okawaru
Qazlal
Ru
Sif Muna
Trog
Uskayaw
Vehumet
Wu Jian
Xom
Yredelemnul
Zin
The Shining One

Shops:
D:4 !   D:8 [


Innate Abilities, Weirdness & Mutations

You can be seen from farther away. (+LOS)
You can swim through water.
You cover ground slowly.
You can hop short distances.


Message History

You shoot a bolt. The bolt hits the worker ant!!
You kill the worker ant!
Okawaru accepts your kill.
You hear some strange, mumbled words.
Something tries to affect you, but you resist.
Firing (i - inventory. (/) - cycle)
d - 88 bolts (quivered)
Press: ? - help, Shift-Dir - straight line, f - orc
Aim: an orc, wielding a +0 dagger You shoot a bolt.
The bolt hits the orc!
You kill the orc!
Firing (i - inventory. (/) - cycle)
d - 87 bolts (quivered)
Press: ? - help, Shift-Dir - straight line, f - crimson imp
Aim: a crimson imp You shoot a bolt.
The fiery explosion engulfs you!
* * * LOW HITPOINT WARNING * * *
Okawaru accepts your kill.
Reactivating autopickup.
Your Dodging skill increases to level 5!
You feel a bit more experienced.
You are engulfed in blazing flames.
You die...

#>.#.......### .
####.###........# ..
#....##.......#.. ...
##..........# ....
#.###..##### .@...
######.# #.## ..(...
#..%...##..#
....(..##§§%%..%......
....)((5§§@(...##.####
.......####..####.#
...... ##...... .....
#####..# .... ( ###


You could see a crimson imp.

Vanquished Creatures
  Joseph (D:9)
  Maggie (D:7)
  Psyche (D:8)
  A wyvern (D:9)
  An orc warrior (D:9)
  An ice beast (D:4)
  A phantom (D:4)
  3 ogres
  2 centaurs (D:7)
  A big kobold (D:8)
  4 bullfrogs
  3 scorpions
  5 wights (D:7)
  4 howler monkeys
  A quasit (D:6)
  5 hounds
  A centaur skeleton (D:9)
  2 orc priests
  9 orc wizards
  3 bullfrog skeletons
  4 iguanas
  5 worker ants
  A hound skeleton (D:4)
  A worker ant zombie (D:7)
  A howler monkey skeleton (D:9)
  5 adders
  An ooze (D:4)
  4 adder skeletons
  An adder zombie (D:7)
  A dart slug (D:3)
  5 leopard geckos
  13 orcs
  7 giant cockroaches
  4 hobgoblins
  15 jackals
  2 quokkas
  2 ball pythons
  7 bats
  2 frilled lizards (D:1)
  9 goblins
  4 kobolds
  A leopard gecko skeleton (D:8)
  9 rats
154 creatures vanquished.

Notes
Turn   | Place    | Note
-------+----------+-------------------------------------------
     0 | D:1      | DogServant the Barachi Hunter began the quest for the Orb.
     0 | D:1      | Reached XP level 1. HP: 17/17 MP: 1/1
   163 | D:1      | Reached XP level 2. HP: 19/23 MP: 2/2
   551 | D:1      | Reached XP level 3. HP: 29/29 MP: 3/3
  1190 | D:2      | Reached skill level 1 in Short Blades
  1190 | D:2      | Reached XP level 4. HP: 19/37 MP: 4/4
  1719 | D:2      | Found a bloodstained altar of Trog.
  1843 | D:3      | Reached XP level 5. HP: 42/42 MP: 5/5
  2156 | D:3      | Reached skill level 5 in Crossbows
  2697 | D:4      | Noticed a phantom
  2697 | D:4      | Noticed an ogre
  2791 | D:4      | Killed an ogre
  2791 | D:4      | Reached skill level 1 in Axes
  2791 | D:4      | Reached XP level 6. HP: 35/48 MP: 6/6
  2913 | D:4      | Killed a phantom
  3004 | D:4      | Found Ynnod's Distillery.
  3008 | D:4      | Bought a potion of heal wounds for 50 gold pieces
  3008 | D:4      | Bought a potion of heal wounds for 50 gold pieces
  3187 | D:4      | Reached XP level 7. HP: 39/54 MP: 7/7
  3428 | D:4      | Reached skill level 6 in Crossbows
  3811 | D:5      | Entered Level 5 of the Dungeon
  3811 | D:5      | Found a staircase to the Ecumenical Temple.
  3826 | Temple   | Entered the Ecumenical Temple
  3859 | Temple   | Became a worshipper of Warmaster Okawaru
  4452 | D:5      | Found a radiant altar of Vehumet.
  4452 | D:5      | Found a shimmering blue altar of Sif Muna.
  4453 | D:5      | Found a shimmering altar of Xom.
  4892 | D:5      | Reached XP level 8. HP: 31/61 MP: 8/8
  5604 | D:6      | Reached skill level 5 in Armour
  5604 | D:6      | Reached skill level 1 in Invocations
  5616 | D:6      | Reached skill level 1 in Slings
  5968 | D:6      | Reached skill level 5 in Fighting
  6088 | D:6      | Reached * piety under Okawaru
  6237 | D:6      | Reached skill level 7 in Crossbows
  6611 | D:7      | Reached XP level 9. HP: 65/68 MP: 11/11
  6798 | D:7      | Reached ** piety under Okawaru
  7219 | D:7      | Noticed Maggie
  7239 | D:7      | Killed Maggie
  7573 | D:7      | Found an opulent altar of Gozag.
  7580 | D:7      | Found a stormy altar of Qazlal.
  7687 | D:7      | Found a hazy altar of Hepliaklqana.
  8028 | D:8      | Reached skill level 8 in Crossbows
  8335 | D:8      | Noticed Psyche
  8340 | D:8      | Killed Psyche
  8550 | D:8      | Found Sosucsat's Armour Emporium.
  8743 | D:9      | Noticed Joseph
  8752 | D:9      | Killed Joseph
  8752 | D:9      | Reached skill level 5 in Invocations
  8752 | D:9      | Reached XP level 10. HP: 23/77 MP: 13/13
  8764 | D:9      | Reached skill level 5 in Dodging
  8764 | D:9      | Engulfed by a cloud of flame

Illustrated notes

Levels and vault maps discovered:
D:1:      mrwooster_arrival_statue_3, layout_basic, grunt_decor_one_mirror
D:2:      layout_basic, bloody_trog
D:3:      layout_basic, first_ration
D:4:      layout_loops_ring, serial_shops, shop, kennysheep_big_empty_room
D:5:      layout_loops_corners, chequers_temple_overflow_statue_of_worship,
          minmay_temple_entry_glass
D:6:      layout_basic
D:7:      layout_basic, nicolae_gozag_seed_capital, kennysheep_mini,
          nicolae_overflow_crystal_walls, uniq_maggie
D:8:      layout_basic, serial_shops, kennysheep_little_box, uniq_psyche
D:9:      layout_rooms, uniq_joseph
Temple:   compressed_dpeg_circular_temple

Skill      XL: |  1  2  3  4  5  6  7  8  9 10 |
---------------+-------------------------------+-----
Fighting       | 3 4 5 6 7 |  7.0
Short Blades   | 1 2 |  2.1
Crossbows      | 5 6 7 8 |  8.8
Axes           | 1 2 4 |  4.2
Armour         | 2 3 4 5 |  5.0
Invocations    | 3 5 |  5.2
Slings         | 3 |  3.6
Dodging        | 4 5 |  5.0
Stealth        | |  0.8

Action                   |  1- 3 |  4- 6 |  7- 9 | 10-12 || total
-------------------------+-------+-------+-------+-------++-------
Melee: Short sword       |    63 |       |       |       ||    63
       Dagger            |    27 |    59 |       |       ||    86
       Hand axe          |       |    18 |   189 |       ||   207
 Fire: Hand crossbow     |    11 |    30 |    76 |       ||   117
       Arbalest          |       |       |    28 |    10 ||    38
Throw: Dart              |       |       |     4 |       ||     4
Invok: Heroism           |       |       |     1 |       ||     1
 Abil: Hop               |     1 |     1 |     3 |       ||     5
  Use: Potion            |     2 |       |       |       ||     2
       Scroll            |     1 |     3 |    19 |       ||    23
 Stab: Sleeping          |     1 |       |     1 |       ||     2
       Distracted        |       |       |     1 |       ||     1
  Eat: Chunk             |     1 |     7 |     9 |       ||    17
       Ration            |       |       |     3 |       ||     3
Armor: Leather armour    |    26 |     6 |       |       ||    32
       Ring mail         |       |    25 |    65 |       ||    90
       Steam dragon scal |       |       |    21 |       ||    21
Dodge: Dodged            |    67 |    49 |   124 |     1 ||   241
